 Dungeon Crawl Stone Soup version 0.31-a0-1620-gcbf77bbcfc (webtiles) character file.

Game seed: 7198171093908083070

2872 Flugslaktarn the Fighter (level 9, -2/83 HPs)
             Began as a Minotaur Fighter on Jan 11, 2024.
             Was an Elder of Okawaru.
             Killed from afar by an electric eel (9 damage)
             ... with a bolt of electricity
             ... on level 8 of the Dungeon.
             The game lasted 00:03:42 (7592 turns).

Flugslaktarn the Fighter (Minotaur Fighter)         Turns: 7592, Time: 00:03:43

Health: -2/83      AC:  9    Str: 26    XL:     9   Next: 47%
Magic:  11/11      EV:  9    Int:  5    God:    Okawaru [****..]
Gold:   428        SH:  6    Dex:  9    Spells: 8/8 levels left

rFire   . . .        a - +0 war axe
rCold   . . .        c - +1 buckler
rNeg    + . .        b - +0 scale mail
rPois   .            (helmet restricted)
rElec   .            (no cloak)
rCorr   .            (no gloves)
SInv    .            l - +0 pair of boots
Will    .....        s - amulet "Exkeurche" {rN+ Regen+} Stlth
                     (no ring)
HPRegen 1.13/turn    (no ring)
MPRegen 0.12/turn

%: no passive effects
@: no status effects
A: horns 2, retaliatory headbutt
a: Renounce Religion, Heroism, Finesse


You were on level 8 of the Dungeon.
You worshipped Okawaru.
Okawaru was greatly pleased with you.
You visited 1 branch of the dungeon, and saw 8 of its levels.
You also visited: Ossuary.

You collected 428 gold pieces.

Inventory:

Hand Weapons
 a - a +0 war axe (weapon)
Missiles
 j - 4 throwing nets (quivered)
Armour
 b - a +0 scale mail (worn)
 c - a +1 buckler (worn)
 l - a +0 pair of boots (worn)
   (You found it on level 6 of the Dungeon)
Jewellery
 s - the amulet "Exkeurche" (around neck) {rN+ Regen+}
   (You found it on level 7 of the Dungeon)

   [amulet of regeneration]

   rN+:       It protects you from negative energy.
   Regen+:    It increases your rate of health regeneration.
Wands
 g - a wand of digging (4)
   (You found it on level 5 of the Dungeon)
 r - a wand of roots (10)
   (You found it on level 6 of the Dungeon)
Scrolls
 i - a scroll of acquirement
 k - a scroll of fog
 t - 4 scrolls of teleportation
Potions
 d - 5 potions of might
 e - a potion of invisibility
 f - 4 potions of berserk rage
 h - a potion of haste
 m - 4 potions of enlightenment
 n - a potion of cancellation {unknown}
 o - a potion of mutation {unknown}
 p - a potion of ambrosia {unknown}
 q - 3 potions of curing
 u - a potion of brilliance {unknown}


   Skills:
 * Level 9.3 Fighting
 * Level 8.8 Axes
 + Level 7.1 Armour
 + Level 7.0 Shields
 + Level 4.3 Invocations


You had 8 spell levels left.
You didn't know any spells.
Your spell library contained the following spells:

 Spells                   Type           Power      Damage    Failure   Level
 Apportation              Tloc           0%         N/A       78%         1
 Magic Dart               Conj           0%         1d3       78%         1
 Cigotuvi's Dreadful Rot  Necr/Alch/Air  0%         N/A       89%         2
 Ensorcelled Hibernation  Hex/Ice        0%         N/A       89%         2
 Jinxbite                 Hex            0%         N/A       89%         2
 Mercury Vapours          Alch/Air       0%         N/A       89%         2
 Searing Ray              Conj           0%         2d4       89%         2
 Mephitic Cloud           Conj/Alch/Air  0%         N/A       98%         3
 Passwall                 Erth           0%         N/A       98%         3
 Stone Arrow              Conj/Erth      0%         3d7       98%         3
 Swiftness                Air            0%         N/A       98%         3
 Fulminant Prism          Conj/Alch      0%         3d5       100%        4
 Ignite Poison            Fire/Alch      0%         N/A       100%        4
 Alistair's Intoxication  Alch           0%         N/A       100%        5
 Freezing Cloud           Conj/Ice/Air   0%         6-21      100%        5
 Lehudib's Crystal Spear  Conj/Erth      0%         10d2      100%        8
 Animate Armour           Summ/Erth      Unusable   N/A       N/A         4

Dungeon Overview and Level Annotations

Branches:
Dungeon (8/15)             Temple (0/1) D:6         Ossuary (visited)
   Lair: D:8-11

Altars:
Ashenzari
Cheibriados
Dithmenos
Fedhas
Hepliaklqana
Kikubaaqudgha
Okawaru
Qazlal
Ru
Yredelemnul

Shops:
D:1 :   D:6 !

Annotations:
D:6 3 runed translucent doors, NigelTetley's ghost, novice DsGl
D:7 1 runed translucent door, Crazy Yiuf


Innate Abilities, Weirdness & Mutations

You have a pair of horns on your head.
You reflexively headbutt those who attack you in melee.


Message History

You see here a +0 hammer.
You see here a +0 hammer.
You see here a +0 hammer.
You see here a +0 hammer.
Crazy Yiuf shouts!
You see here a +0 hammer.
Could not explore, unopened runed door.
Could not explore, unopened runed door.
You see here a +0 hammer.
Crazy Yiuf flaps his cloak.
You see here a +0 hammer.
You see here a +0 hammer.
You see here a +0 hammer.
You see here an amulet of the acrobat.
There is a stone staircase leading down here.
You climb downwards.
The ice beast hits you but does no damage. x2
There is a stone staircase leading up here.
Unknown command.
An ice beast is nearby!
An ice beast is nearby!
You slash the ice beast! Your headbutt misses the ice beast.
The ice beast is heavily wounded.
The ice beast closely misses you.
You barely miss the ice beast.
The ice beast is heavily wounded.
The ice beast completely misses you.
You slash the ice beast! You headbutt the ice beast.
You kill the ice beast!
Okawaru accepts your kill. The white imp gestures at you.
The puff of frost hits you but does no damage.
You slice the white imp!!
You kill the white imp!
Okawaru accepts your kill.
No target in view!
The polar bear growls angrily.
There are monsters nearby!
The white imp shouts!
The white imp disappears for a moment.
The polar bear closely misses you.
The polar bear claws you but does no damage.
The polar bear claws you.
You slash the polar bear!
The polar bear is lightly wounded.
You barely miss the electric eel. You block the polar bear's attack.
The polar bear claws you but does no damage. x2
You slash the polar bear!
The polar bear is moderately wounded.
You closely miss the electric eel.
The polar bear bites you but does no damage.
The polar bear claws you but does no damage. x2
You barely miss the polar bear.
The polar bear is moderately wounded.
You miss the electric eel. The polar bear bites you.
The polar bear claws you but does no damage. x2
You closely miss the polar bear.
The polar bear is moderately wounded.
You barely miss the electric eel.
The polar bear bites you but does no damage.
The polar bear claws you. The polar bear barely misses you.
You hit the polar bear but do no damage.
Your headbutt misses the polar bear.
The polar bear is moderately wounded.
You barely miss the electric eel.
The electric eel shoots out a bolt of lightning at you!
The bolt of electricity hits you! You block the polar bear's attack.
The polar bear claws you but does no damage.
The polar bear claws you.
You hit the polar bear.
The polar bear is moderately wounded.
You closely miss the electric eel. You hit the white imp.
You block the white imp's attack. You block the polar bear's attack.
The polar bear closely misses you.
The polar bear claws you but does no damage.
The electric eel shoots out a bolt of lightning at you!
The bolt of electricity hits you!
You barely miss the white imp.
The white imp is heavily wounded.
You closely miss the polar bear. You miss the electric eel.
The white imp hits you but does no damage.
The polar bear bites you! The polar bear claws you.
The polar bear claws you but does no damage.
You slash the white imp!
You kill the white imp!
Okawaru accepts your kill.
You barely miss the electric eel. You hit the polar bear.
The electric eel shoots out a bolt of lightning at you!
The bolt of electricity hits you. The polar bear bites you.
The polar bear claws you but does no damage. x2
The polar bear bites you!
* * * LOW HITPOINT WARNING * * *
The polar bear barely misses you. The polar bear claws you.
* * * LOW HITPOINT WARNING * * *
The electric eel shoots out a bolt of lightning at you!
The bolt of electricity hits you!
* * * LOW HITPOINT WARNING * * *
The electric eel shoots out a bolt of lightning at you!
The bolt of electricity hits you!
You die...

.~~.~.[.# #.##...
.~≈~~~..### ..#...
.~~~≈≈....## #.#...
.~~~~≈..#..# #.#...
.≈~~~~~.##.#### ###.)...
.~≈~~.≈Z##.Y5.###.......
~..~..Sh#####.....##.###
........# #####....###
#.#####@# ##.##...# #.
#.## ####...#.... #(.#
##........... #
##.###..###..§§§.. ..
#......# #..#§#..
#..#......###§§§....
#...........§§#§#..
###..........§..§..
#...<............


You could see a polar bear, an electric eel and a centaur simulacrum.

Vanquished Creatures
  A kobold demonologist (D:5)
  Menkaure (D:4)
  3 black bears
  4 ice beasts
  An ogre (D:4)
  A bullfrog (D:7)
  A gnoll sergeant (D:6)
  5 scorpions
  A water moccasin zombie (D:7)
  3 howler monkeys (D:7)
  A centaur zombie (D:7)
  2 gnoll boudas (D:5)
  4 hounds
  An orc priest (D:7)
  2 jellies
  4 iguanas
  4 sleepcaps
  5 scorpion zombies (Ossuary)
  4 orc wizards
  3 mummies (Ossuary)
  14 gnolls
  10 adders
  A shadow imp (D:5)
  3 white imps
  3 ufetubi
  3 adder zombies (Ossuary)
  2 dart slugs
  2 ribbon worms
  19 orcs
  6 endoplasms
  6 giant cockroaches
  5 gnoll zombies (Ossuary)
  10 goblins
  6 hobgoblins
  6 jackals (D:1)
  12 kobolds
  6 quokkas
  6 ball pythons
  A bat (D:1)
  3 frilled lizards (D:1)
  2 jackal zombies (Ossuary)
  2 kobold zombies (Ossuary)
  9 rats
188 creatures vanquished.

Vanquished Creatures (others)
  A human (D:7)
1 creature vanquished.

Grand Total: 189 creatures vanquished

Notes
Turn   | Place    | Note
-------+----------+-------------------------------------------
     0 | D:1      | Flugslaktarn the Minotaur Fighter began the quest for the
                  | Orb.
     0 | D:1      | Reached XP level 1. HP: 19/19 MP: 0/0
    53 | D:1      | Reached XP level 2. HP: 15/27 MP: 1/1
   156 | D:1      | Reached skill level 4 in Fighting
   247 | D:1      | Found a faded altar of an unknown god.
   387 | D:1      | Reached XP level 3. HP: 33/33 MP: 2/2
   513 | D:1      | Found Sodar's Book Shop.
  1125 | D:2      | Reached XP level 4. HP: 39/41 MP: 3/3
  2105 | D:3      | Reached skill level 5 in Fighting
  2144 | D:3      | Reached XP level 5. HP: 48/48 MP: 4/4
  2287 | D:3      | Found an iron altar of Okawaru.
  2298 | D:3      | Became a worshipper of Warmaster Okawaru
  2632 | D:4      | Noticed Menkaure
  2642 | D:4      | Killed Menkaure
  2642 | D:4      | Reached * piety under Okawaru
  2643 | D:4      | Reached skill level 1 in Invocations
  2643 | D:4      | Reached XP level 6. HP: 5/56 MP: 5/5
  2988 | D:4      | Found a stormy altar of Qazlal.
  3365 | D:4      | Reached skill level 5 in Axes
  3624 | D:4      | Reached skill level 6 in Fighting
  3662 | D:5      | Entered Level 5 of the Dungeon
  3739 | D:5      | Reached skill level 5 in Armour
  3739 | D:5      | Reached XP level 7. HP: 63/63 MP: 7/7
  3744 | D:5      | Reached skill level 5 in Shields
  4047 | D:5      | Reached ** piety under Okawaru
  4154 | D:5      | Found a hazy altar of Hepliaklqana.
  4156 | D:5      | Found a sacrificial altar of Ru.
  4656 | D:5      | Noticed a kobold demonologist
  4659 | D:5      | Noticed a ynoxinul
  4884 | D:5      | Reached skill level 7 in Fighting
  4930 | D:5      | Noticed an orange demon
  4930 | D:5      | Killed a kobold demonologist
  4930 | D:5      | Reached *** piety under Okawaru
  4931 | D:5      | Reached XP level 8. HP: 66/73 MP: 7/9
  5138 | D:6      | Identified a scroll of acquirement
  5212 | D:6      | Found a shadowy altar of Dithmenos.
  5223 | D:6      | Noticed a kobold demonologist
  5223 | D:6      | Noticed NigelTetley's ghost (novice DsGl)
  5224 | D:6      | Found a runed translucent gate.
  5386 | D:6      | Found a broken altar of Ashenzari.
  5471 | D:6      | Reached skill level 8 in Fighting
  5563 | D:6      | Found a sand-covered staircase.
  5568 | Ossuary  | Entered an ossuary
  5917 | D:6      | Reached XP level 9. HP: 82/82 MP: 10/10
  5986 | D:6      | Reached **** piety under Okawaru
  6118 | D:6      | Found Diriem's Distillery.
  6151 | D:6      | Found a runed translucent gate.
  6151 | D:6      | Found a runed translucent gate.
  6234 | D:6      | Found a snail-covered altar of Cheibriados.
  6285 | D:6      | Found a staircase to the Ecumenical Temple.
  6613 | D:7      | Reached skill level 9 in Fighting
  6668 | D:7      | Found a blossoming altar of Fedhas.
  6696 | D:7      | Identified the amulet "Exkeurche" {rN+ Regen+}
  6763 | D:7      | Found an ancient bone altar of Kikubaaqudgha.
  6897 | D:7      | Found a runed translucent door.
  6898 | D:7      | Noticed Crazy Yiuf
  7181 | D:7      | Found a basalt altar of Yredelemnul.
  7436 | D:8      | Noticed a polar bear
  7437 | D:8      | Noticed a polar bear
  7592 | D:8      | Killed from afar by an electric eel

Illustrated notes

Levels and vault maps discovered:
D:1:      minmay_arrival_semitransparent, layout_basic, serial_shops, shop,
          hellmonk_ecumenical_altar_crossroads
D:2:      layout_basic
D:3:      layout_loops_ring, mainiacjoe_overflow_paths
D:4:      minmay_razor_zed, layout_cave_pools, old_standard_altar, uniq_menkaure
D:5:      layout_loops_corners, mainiacjoe_overflow_divided_tiny,
          minmay_fractal_squares_gapless_5
D:6:      layout_rooms, cheibrodos_ashenzari_chains, grunt_dithmenos_smoke,
          mainiacjoe_overflow_alcove_2, minmay_temple_entry_fiery,
          gammafunk_ghost_nasty_kobolds, serial_shops,
          nicolae_shop_hallway_plus, enter_ossuary_2
D:7:      layout_rooms, tgw_kikubaaqudgha, lemuel_zombie_altar_yredelemnul,
          fedhas_altar_2, uniq_crazy_yiuf_cottage
D:8:      layout_rooms, serial_ice, serial_ice_d, serial_ice_b, serial_ice_m,
          serial_ice_f

Skill      XL: |  1  2  3  4  5  6  7  8  9 |
---------------+----------------------------+-----
Fighting       | 4 5 6 7 8 9 |  9.3
Axes           | 3 4 5 6 8 |  8.8
Armour         | 4 5 6 7 |  7.1
Shields        | 4 5 6 7 |  7.0
Invocations    | 1 2 3 4 |  4.3

Action                     |  1- 3 |  4- 6 |  7- 9 || total
---------------------------+-------+-------+-------++-------
  Melee: War axe           |    95 |   115 |   245 ||   455
         Headbutt          |     9 |    19 |    38 ||    66
 Invoke: Heroism           |       |       |     1 ||     1
    Use: Scroll            |       |     7 |     7 ||    14
         Potion            |       |     2 |       ||     2
 Armour: Scale mail        |    65 |    70 |   218 ||   353
  Dodge: Dodged            |    51 |    39 |   153 ||   243
  Block: Buckler           |    20 |    24 |    87 ||   131

Table legend: (Time is in decaauts)
 A = Elapsed time spent in this place.
 B = Non-inter-level travel time spent in this place.
 C = Inter-level travel time spent in this place.
 D = Time resting spent in this place.
 E = Time spent auto-exploring this place.
 F = Levels seen in this place.
 G = Mean time per level.
                   A        B        C        D        E       F      G
               +--------+--------+--------+--------+--------+-----+--------+
         Total |   7701 |   7298 |    403 |    417 |   5708 |   9 |  855.7 |
       Dungeon |   7352 |   6949 |    403 |    417 |   5443 |   8 |  919.0 |
       Ossuary |    348 |    348 |      0 |      0 |    265 |   1 |  348.0 |
               +--------+--------+--------+--------+--------+-----+--------+

Top non-repeatable levels by time:
     D:5: 1543 daAuts
     D:4: 1173 daAuts
     D:7: 992 daAuts
     D:6: 963 daAuts
     D:2: 891 daAuts
     D:3: 868 daAuts
     D:1: 796 daAuts
 Ossuary: 348 daAuts
     D:8: 124 daAuts
